 Dungeon Crawl Stone Soup version 0.31-a0-325-g067879e3d3 (webtiles) character file.

Game seed: 15679429856482731148

10215 derpindaisy the Basher (level 11, -1/62 HPs)
             Began as a Tengu Berserker on July 18, 2023.
             Was an Elder of Trog.
             Killed from afar by a rakshasa (illusionary) (25 damage)
             ... with a lance of force
             ... on level 9 of the Dungeon.
             The game lasted 00:28:08 (8667 turns).

derpindaisy the Basher (Tengu Berserker)            Turns: 8667, Time: 00:28:09

Health: -1/62      AC: 16    Str: 25    XL:     11   Next: 58%
Magic:  12/12      EV: 13    Int:  5    God:    Trog [****..]
Gold:   197        SH:  5    Dex: 15    Spells: 10/10 levels left

rFire   . . .        q - +4 flail (protect)
rCold   . . .        (no shield)
rNeg    + . .        r - +8 chain mail {ponderous}
rPois   +            (helmet restricted)
rElec   .            (no cloak)
rCorr   +            (no gloves)
SInv    .            (boots unavailable)
Will    ++...        A - amulet of reflection Stlth
                     z - +6 ring of strength
HPRegen 1.30/turn    C - ring of the Salmon {rPois rN+ rCorr Int-4}
MPRegen 0.13/turn

%: reflection
@: strong-willed, on berserk cooldown, attractive, flying quickly and evasively,
regenerating, slowed, very slow
A: beak, talons 3, nimble flight, iridescent scales 1, deformed body, frail 1
a: Renounce Religion, Berserk, Trog's Hand, Brothers in Arms


You were on level 9 of the Dungeon.
You worshipped Trog.
Trog was greatly pleased with you.
You visited 1 branch of the dungeon, and saw 9 of its levels.

You collected 557 gold pieces.
You spent 360 gold pieces at shops.

Inventory:

Hand Weapons
 q - a +4 flail of protection (weapon)
Armour
 r - a +8 chain mail of ponderousness (worn)
Jewellery
 i - a +6 ring of intelligence
 y - a ring of ice
 z - a +6 ring of strength (left hand)
 A - an amulet of reflection (around neck)
 C - the ring of the Salmon (right hand) {rPois rN+ rCorr Int-4}
   (You found it on level 7 of the Dungeon)

   [ring of resist corrosion]

   Int:       It affects your intelligence (-4).
   rPois:     It protects you from poison.
   rN:        It protects you from negative energy.
   rCorr:     It protects you from acid and corrosion.
 G - an amulet of faith
Talismans
 j - a maw talisman
 o - a blade talisman
Wands
 B - a wand of paralysis (16)
Scrolls
 c - 4 scrolls of teleportation
 d - 3 scrolls of fog
 f - a scroll of torment {unknown}
 l - 4 scrolls of vulnerability
 p - a scroll of summoning {unknown}
 s - a scroll of immolation {unknown}
 t - 2 scrolls of fear {unknown}
 w - a scroll of enchant armour {unknown}
 x - a scroll of poison {unknown}
 F - a scroll of revelation {unknown}
Potions
 a - a potion of magic
 e - 3 potions of lignification
 h - a potion of resistance {unknown}
 k - 2 potions of haste {unknown}
 m - a potion of enlightenment {unknown}
 n - 3 potions of curing
 u - a potion of cancellation {unknown}
 v - 2 potions of brilliance {unknown}
 D - a potion of ambrosia {unknown}


   Skills:
 + Level 8.6 Fighting
 + Level 7.8(11.1) Axes
 + Level 12.3(13.2) Maces & Flails
 + Level 7.1 Armour
 + Level 5.9 Dodging
 - Level 2.3 Stealth
 + Level 4.0 Shields
 + Level 0.2 Evocations


You had 10 spell levels left.
You didn't know any spells.
Your spell library was empty.

Dungeon Overview and Level Annotations

Branches:
Dungeon (9/15)             Temple (0/1) D:7
   Lair: D:8-11         Orc: D:9-12

Altars:
Uskayaw
Wu Jian

Shops:
D:1 =

Annotations:
D:3 1 runed translucent door


Innate Abilities, Weirdness & Mutations

You have a beak for a mouth.
You have claws for feet.
Your magical nature lets you fly swiftly and evasively.
You are partially covered in iridescent scales. (AC +2)
Armour fits poorly on your strangely shaped body.
You are frail. (-10% HP)


Message History

The lance of force hits you!!
You are knocked back by the lance of force.
You slam into the stone wall!
You feel your anger nearly subside.
You are no longer berserk.
You are exhausted.
You feel yourself slow down.
The rakshasa blinks!
It was a potion of attraction.
You feel attractive to monsters.
The rakshasa blinks!
The rakshasa gestures at you. The lance of force hits you!!
You are knocked back by the lance of force.
You slam into the stone wall!
* * * LOW HITPOINT WARNING * * *
The rakshasa is attracted toward you. x2; The centaur is attracted toward you.
The rakshasa is attracted toward you.
Okay, then.
Okay, then.
You feel much better.
The centaur hits you but does no damage.
The centaur kicks you but does no damage.
The rakshasa closely misses you.
The rakshasa hits you but does no damage.
The rakshasa closely misses you.
The rakshasa hits you but does no damage.
Your skin crawls.
You feel strong-willed. The rakshasa hits you with a +0 whip.
The rakshasa hits you with a +0 whip! The rakshasa gestures at you.
The lance of force hits you!
* * * LOW HITPOINT WARNING * * *
You are knocked back by the lance of force.
You slam into the stone wall!
* * * LOW HITPOINT WARNING * * *
The centaur barely misses you. The centaur misses you.
You feel much better. The centaur barely misses you.
The centaur closely misses you. The rakshasa completely misses you.
The rakshasa gestures at you. The lance of force hits you!!
You die...

#..###. #..# #....#...#
#..# . #....#...#
#..#####..
#....#...######.........
.....#...............>..
.....#.........)........
###..#...........#####.
..#.:#.......#####...#
..#..#.......'.R@....#..
..#..'.....###.cRR......
..#..#.....#.......####.
###..#.....+.......#
.....#.....#.......#
.....#.....######..#
.....#...............#
.....#...............#
.....##.........##.#.#


You could see 3 rakshasas and a centaur.

Vanquished Creatures
  3 centaur warriors (D:8)
  A boulder beetle (D:8)
  A two-headed ogre (D:9)
  A tengu warrior (D:8)
  A tengu conjurer (D:8)
  3 hornets
  Grinder (D:4)
  A slime creature (D:8)
  Sigmund (D:4)
  11 yaks
  A shadow (D:8)
  A vampire mosquito (D:8)
  Menkaure (D:4)
  2 water moccasins
  Edmund (D:4)
  3 orc warriors
  A sky beast (D:8)
  4 black bears
  An ice beast (D:6)
  An ogre (shapeshifter) (D:8)
  The ghost of AwFulAwFulPlayer the Thaumaturge, an amateur GnWn (D:3)
  3 centaurs
  A phantom (D:5)
  3 kobold brigands
  Blork the orc (D:6)
  A scorpion (D:6)
  3 bullfrogs
  A gnoll sergeant (D:7)
  7 wights
  3 killer bees (D:8)
  An electric eel (D:8)
  A howler monkey (D:6)
  3 jellies
  2 hounds
  3 orc priests
  2 gnoll boudas
  2 iguanas
  An orc wizard (D:7)
  11 gnolls
  5 adders
  3 shadow imps
  A white imp (D:6)
  3 ufetubi
  3 dart slugs
  17 orcs
  3 ball pythons
  10 bats
  8 endoplasms
  3 giant cockroaches (D:3)
  13 goblins
  9 hobgoblins
  7 jackals
  16 kobolds
  5 quokkas
  2 frilled lizards
  7 rats
205 creatures vanquished.

Notes
Turn   | Place    | Note
-------+----------+-------------------------------------------
     0 | D:1      | derpindaisy the Tengu Berserker began the quest for the
                  | Orb.
     0 | D:1      | Reached XP level 1. HP: 14/14 MP: 2/2
   262 | D:1      | Reached XP level 2. HP: 19/19 MP: 3/3
   554 | D:1      | Found Hisimm Fivyi's Jewellery Boutique.
   710 | D:1      | Reached XP level 3. HP: 23/23 MP: 4/4
  1023 | D:2      | Reached ** piety under Trog
  1028 | D:2      | Reached skill level 1 in Stealth
  1030 | D:2      | Reached skill level 4 in Maces & Flails
  1388 | D:2      | Reached XP level 4. HP: 26/29 MP: 5/5
  1844 | D:3      | Found a runed translucent door.
  1857 | D:3      | Noticed a bullfrog
  1857 | D:3      | Noticed AwFulAwFulPlayer's ghost (amateur GnWn)
  1865 | D:3      | Killed AwFulAwFulPlayer's ghost
  1866 | D:3      | Reached skill level 1 in Axes
  1866 | D:3      | Gained mutation: Your magical nature lets you fly swiftly
                  | and evasively. [Tengu growth]
  1866 | D:3      | Reached XP level 5. HP: 29/33 MP: 6/6
  1908 | D:3      | Found a runed translucent door.
  1957 | D:3      | Reached XP level 6. HP: 36/38 MP: 7/7
  2412 | D:4      | Noticed a hornet
  2415 | D:4      | Reached *** piety under Trog
  2423 | D:4      | Killed a hornet
  2424 | D:4      | Reached XP level 7. HP: 27/44 MP: 8/8
  2618 | D:4      | Noticed Menkaure
  2627 | D:4      | Killed Menkaure
  2849 | D:4      | Reached skill level 5 in Axes
  3208 | D:4      | Noticed Grinder
  3210 | D:4      | Noticed Sigmund
  3210 | D:4      | Noticed Edmund
  3220 | D:4      | Killed Grinder
  3221 | D:4      | Reached skill level 5 in Fighting
  3221 | D:4      | Reached XP level 8. HP: 49/49 MP: 9/9
  3224 | D:4      | Killed Edmund
  3226 | D:4      | Killed Sigmund
  3540 | D:5      | Entered Level 5 of the Dungeon
  3836 | D:5      | Reached skill level 5 in Maces & Flails
  3836 | D:5      | Reached skill level 5 in Dodging
  4688 | D:6      | Reached XP level 9. HP: 29/54 MP: 10/10
  4833 | D:6      | Reached skill level 6 in Maces & Flails
  5258 | D:6      | Noticed Blork the orc
  5267 | D:6      | Killed Blork the orc
  5398 | D:6      | Reached skill level 7 in Maces & Flails
  5763 | D:1      | Bought an amulet of reflection for 360 gold pieces
  5776 | D:1      | Gained mutation: Armour fits poorly on your strangely
                  | shaped body. [potion of mutation]
  5776 | D:1      | Gained mutation: You are frail. (-10% HP) [potion of
                  | mutation]
  5776 | D:1      | Gained mutation: You are partially covered in iridescent
                  | scales. (AC +2) [potion of mutation]
  5995 | D:7      | Found a hide-covered altar of Uskayaw.
  5999 | D:7      | Found an ornate altar of the Wu Jian Council.
  6046 | D:7      | Found a staircase to the Ecumenical Temple.
  6472 | D:7      | Reached **** piety under Trog
  6585 | D:7      | Identified the ring of the Salmon {rPois rN+ rCorr Int-4}
  6646 | D:7      | Reached skill level 1 in Shields
  6649 | D:7      | Reached skill level 8 in Maces & Flails
  6995 | D:8      | Reached XP level 10. HP: 32/54 MP: 11/11
  7136 | D:8      | Reached skill level 9 in Maces & Flails
  7143 | D:8      | Reached skill level 5 in Armour
  7341 | D:8      | Identified the +0 robe of Foolhardiness {Rampage *Corrode
                  | Int+4 Dex+3}
  7359 | D:8      | Reached skill level 10 in Maces & Flails
  7418 | D:8      | Noticed a centaur warrior
  7418 | D:8      | Noticed a boulder beetle
  7425 | D:8      | Killed a centaur warrior
  7461 | D:8      | Killed a boulder beetle
  7579 | D:8      | Noticed a tengu warrior
  7594 | D:8      | Reached skill level 11 in Maces & Flails
  7598 | D:8      | Killed a tengu warrior
  7599 | D:8      | Reached XP level 11. HP: 61/61 MP: 12/12
  7711 | D:8      | Noticed a centaur warrior
  7711 | D:8      | Noticed a centaur warrior
  7723 | D:8      | Killed a centaur warrior
  7727 | D:8      | Killed a centaur warrior
  8303 | D:9      | Reached skill level 12 in Maces & Flails
  8579 | D:9      | Noticed a two-headed ogre
  8589 | D:9      | Killed a two-headed ogre
  8654 | D:9      | Noticed a rakshasa
  8667 | D:9      | Killed from afar by a rakshasa (illusionary)

Illustrated notes

Levels and vault maps discovered:
D:1:      mrwooster_arrival_statue, layout_loops_corners, serial_shops,
          nicolae_shop_stone
D:2:      layout_rooms, nicolae_concentric_dashed_squares_wild
D:3:      kennysheep_the_goblin_king, layout_basic, ebering_ghost_sewer_f
D:4:      layout_loops_ring, sigmund_edmund_badplayer, uniq_menkaure,
          uniq_grinder
D:5:      layout_basic, nicolae_letterblocks [nicolae_letter_subblock,
          nicolae_letter_subblock, nicolae_letter_subblock,
          nicolae_letter_subblock, nicolae_letter_subblock,
          nicolae_letter_subblock, nicolae_letter_subblock,
          nicolae_letter_subblock, nicolae_letter_subblock,
          nicolae_letter_subblock, nicolae_letter_subblock,
          nicolae_letter_subblock, nicolae_letter_subblock,
          nicolae_letter_subblock, nicolae_letter_subblock,
          nicolae_letter_subblock, nicolae_letter_subblock,
          nicolae_letter_subblock, nicolae_letter_subblock,
          nicolae_letter_subblock, nicolae_letter_subblock,
          nicolae_letter_subblock, nicolae_letter_subblock,
          nicolae_letter_subblock, nicolae_letter_subblock]
D:6:      layout_cave_pods, uniq_blork_the_orc
D:7:      layout_gridville, mainiacjoe_overflow_large_starburst,
          minmay_temple_entry_proselytizer
D:8:      layout_basic, minivault_4, minmay_shattered_shrine
D:9:      layout_irregular_city, minivault_20, minmay_unpleasant_kobolds

Skill      XL: |  1  2  3  4  5  6  7  8  9 10 11 |
---------------+----------------------------------+-----
Stealth        | 1 2 |  2.3
Maces & Flails | 4 5 8 11 12 | 12.3
Axes           | 1 3 6 7 |  7.8
Dodging        | 3 4 5 |  5.9
Fighting       | 4 5 6 8 |  8.6
Armour         | 3 4 6 7 |  7.1
Shields        | 1 3 4 |  4.0
Evocations     | |  0.2

Action                     |  1- 3 |  4- 6 |  7- 9 | 10-12 || total
---------------------------+-------+-------+-------+-------++-------
  Melee: Mace              |    75 |       |       |       ||    75
         Peck              |    12 |     5 |    57 |    35 ||   109
         Kick              |    15 |    13 |    98 |    63 ||   189
         Punch             |     2 |       |     5 |     3 ||    10
         War axe           |     6 |    49 |    71 |       ||   126
         Flail             |       |       |   226 |   180 ||   406
 Invoke: Berserk           |       |     2 |     2 |     5 ||     9
         Trog's Hand       |       |       |       |     1 ||     1
  Evoke: Wand              |       |       |       |     5 ||     5
    Use: Potion            |       |       |     3 |     5 ||     8
         Scroll            |       |       |     6 |     2 ||     8
   Stab: Sleeping          |     3 |     7 |     3 |       ||    13
         Distracted        |     1 |       |       |       ||     1
 Armour: Animal skin       |    13 |    14 |     4 |       ||    31
         Chain mail        |       |       |   121 |    82 ||   203
  Dodge: Dodged            |    66 |    51 |   168 |   105 ||   390
  Block: Other             |       |       |    24 |    38 ||    62
         Reflection        |       |       |       |     1 ||     1
         Form:             |       |     1 |       |       ||     1
         Maw               |       |     1 |       |       ||     1

Table legend: (Time is in decaauts)
 A = Elapsed time spent in this place.
 B = Non-inter-level travel time spent in this place.
 C = Inter-level travel time spent in this place.
 D = Time resting spent in this place.
 E = Time spent auto-exploring this place.
 F = Levels seen in this place.
 G = Mean time per level.
                   A        B        C        D        E       F      G
               +--------+--------+--------+--------+--------+-----+--------+
         Total |   8663 |   8177 |    486 |   1694 |   5099 |   9 |  962.6 |
       Dungeon |   8663 |   8177 |    486 |   1694 |   5099 |   9 |  962.6 |
               +--------+--------+--------+--------+--------+-----+--------+

Top non-repeatable levels by time:
     D:8: 1399 daAuts
     D:6: 1223 daAuts
     D:3: 1055 daAuts
     D:4: 1045 daAuts
     D:1: 957 daAuts
     D:5: 944 daAuts
     D:7: 912 daAuts
     D:2: 665 daAuts
     D:9: 460 daAuts
